AoeStats
← makrimonos

Arabia

510817730Analyzed
2v2 RM · 1d ago on Oct 2, 2026· 37m 32s· 4 players
Game mode
Random Map
Map size
Medium (4 player)
Population
200
Speed
Normal
Resources
Standard
Victory
Conquest
Starting age
Dark Age
Ending age
Imperial Age
RankedLock teamsTeams togetherTeam positionsShared explorationLock speedFull tech treeHidden civsTurbo modeCheats
Victory
Defeat
🇹🇷 Tatars · Türkiye
987
+15
🇷🇺 Koreans · Russia
948
+16
🇳🇱 Franks · Netherlands
979
-16
🇳🇱 Mongols · Netherlands
944
-15
kastdavid
3:57 Loom
10:25 Feudal Age
10:54 Double-Bit Axe
24:55 Castle Age
24:07 Fletching
30:06 Forging
boaziscool123
9:37 Feudal Age
11:05 Double-Bit Axe
13:17 Bloodlines
14:39 Forging
16:32 Horse Collar
17:05 Loom
22:20 Castle Age
21:36 Fletching
21:47 Padded Archer Armor
makrimonos
10:40 Feudal Age
13:35 Double-Bit Axe
15:39 Bloodlines
26:36 Castle Age
26:50 Horse Collar
27:22 Husbandry
29:56 Gold Mining
35:15 Scale Barding Armor
35:20 Forging
36:46 Heavy Plow
38:38 Wheelbarrow
37:49 Town Watch
38:27 Chain Barding Armor
38:43 Iron Casting
유독한 사람
9:00 Loom
11:43 Feudal Age
15:27 Castle Age
19:21 Horse Collar
Connection lost

Rejoining the realm…

Still unreachable

The connection could not be restored.

Session expired

The server has moved on; the page needs a fresh start.